 Dungeon Crawl Stone Soup version 0.30-a0-883-g5ad918d77d (webtiles) character file.

Game seed: 12720620585470193671

92275 BigDaddyOpFi the Tortoise (level 15, -2/145 HPs)
             Began as an Armataur Fighter on Mar 16, 2023.
             Was a High Priest of Wu Jian.
             Killed from afar by a deep elf pyromancer (9 damage)
             ... with a bolt of fire
             ... on level 2 of the Orcish Mines on Mar 17, 2023.
             The game lasted 00:38:09 (33648 turns).

BigDaddyOpFi the Tortoise (Armataur Fighter)       Turns: 33648, Time: 00:38:10

Health: -2/145     AC: 41    Str: 27    XL:     15   Next: 57%
Magic:  0/15       EV:  5    Int: 14    God:    Wu Jian [*****.]
Gold:   3351       SH:  8    Dex: 12    Spells: 14/14 levels left

rFire   . . .      SeeInvis +    a - +5 war axe (venom)
rCold   + . .      Faith    .    c - +0 buckler
rNeg    + . .      Spirit   +    B - +3 chain mail {rC+}
rPois   +          Reflect  .    v - +2 helmet
rElec   .          Roll     +    F - +1 cloak
rCorr   .                        K - +0 pair of gloves
Will    +....                    w - +10 Black Knight's barding {ponderous, rPois rN+} Stlth
                                 n - amulet of guardian spirit
HPRegen 0.44/turn                U - ring of see invisible
MPRegen 0.14/turn                X - +6 ring of intelligence

@: about to teleport, marked, studying Short Blades, slow
A: large, rugged brown scales 3, deformed body, armoured tail, roll, long
tongue, awkward tongue
a: Renounce Religion, Wall Jump, Serpent's Lash, Heavenly Storm


You were on level 2 of the Orcish Mines.
You worshipped Wu Jian.
Wu Jian was extremely pleased with you.
You visited 4 branches of the dungeon, and saw 23 of its levels.
You also visited: Ossuary.

You collected 3508 gold pieces.
You spent 157 gold pieces at shops.

Inventory:

Hand Weapons
 a - a +5 war axe of venom (weapon)
 y - a +0 arbalest
 M - the +2 quarterstaff of Watchfulness {freeze, rElec rPois Will+}
   (You found it on level 8 of the Dungeon)

   rElec:     It insulates you from electricity.
   rPois:     It protects you from poison.
   Will:      It increases your willpower.
 V - a +0 broad axe of electrocution
Missiles
 N - 18 poisoned darts
 S - 5 silver javelins
 Y - a throwing net
Armour
 c - a +0 buckler (worn)
 v - a +2 helmet (worn)
 w - the +10 Black Knight's barding (worn) {ponderous, rPois rN+}
   (You found it on level 13 of the Dungeon)

   rPois:     It protects you from poison.
   rN:        It protects you from negative energy.
 B - a +3 chain mail of cold resistance (worn)
 F - a +1 cloak (worn)
 K - a +0 pair of gloves (worn)
 Z - a +0 plate armour
Jewellery
 n - an amulet of guardian spirit (around neck)
 s - a ring of ice
 H - a ring of willpower
 R - a +4 ring of protection
 U - a ring of see invisible (left hand)
 X - a +6 ring of intelligence (right hand)
Wands
 b - a wand of roots (26)
 d - a wand of flame (4) (quivered)
 r - a wand of mindburst (18)
 A - a wand of quicksilver (4)
 I - a wand of polymorph (7)
 O - a wand of paralysis (25)
Scrolls
 e - 3 scrolls of amnesia
 f - 3 scrolls of silence
 h - a scroll of blinking
 k - 6 scrolls of fog
 m - 7 scrolls of identify
 o - 5 scrolls of poison
 p - 11 scrolls of teleportation
 x - 7 scrolls of vulnerability
 D - 3 scrolls of summoning
 J - a scroll of magic mapping
 L - 5 scrolls of fear
Potions
 g - 8 potions of degeneration
 i - 3 potions of attraction
 j - 4 potions of haste
 l - 2 potions of curing
 q - 6 potions of lignification
 t - 4 potions of brilliance
 u - 6 potions of mutation
 z - 8 potions of flight
 C - 2 potions of resistance
 W - 2 potions of might
Miscellaneous
 E - a piece from Xom's chessboard (15/15)
 P - a phial of floods
 Q - a phial of floods
 T - a piece from Xom's chessboard (15/15)


   Skills:
 + Level 13.2 Fighting
 + Level 12.0 Axes
 - Level 4.0 Ranged Weapons
 + Level 16.9 Armour
 + Level 15.6 Shields


You had 14 spell levels left.
You didn't know any spells.
Your spell library contained the following spells:

 Spells                   Type           Power      Damage    Failure   Level
 Beastly Appendage        Tmut           0%         N/A       71%         1
 Sandblast                Erth           0%         2d4       71%         1
 Slow                     Hex            0%         N/A       71%         1
 Lesser Beckoning         Tloc           0%         N/A       85%         2
 Passwall                 Tmut/Erth      0%         N/A       85%         2
 Sublimation of Blood     Necr           0%         N/A       85%         2
 Wereblood                Tmut           0%         N/A       85%         2
 Confusing Touch          Hex            0%         N/A       97%         3
 Dazzling Flash           Conj/Hex       0%         N/A       97%         3
 Gell's Gravitas          Tloc           0%         N/A       97%         3
 Inner Flame              Hex/Fire       0%         N/A       97%         3
 Portal Projectile        Hex/Tloc       0%         N/A       97%         3
 Spider Form              Tmut/Pois      0%         N/A       97%         3
 Teleport Other           Tloc           0%         N/A       97%         3
 Tukima's Dance           Hex            0%         N/A       97%         3
 Vampiric Draining        Necr           0%         2d6       97%         3
 Airstrike                Air            0%         2d(0-16)  100%        4
 Anguish                  Hex/Necr       0%         N/A       100%        4
 Cause Fear               Hex            0%         N/A       100%        4
 Iskenderun's Mystic Bla  Conj/Tloc      0%         2d3       100%        4
 Passage of Golubria      Tloc           0%         N/A       100%        4
 Summon Lightning Spire   Summ/Air       0%         N/A       100%        4
 Alistair's Intoxication  Tmut/Pois      0%         N/A       100%        5
 Blade Hands              Tmut           0%         N/A       100%        5
 Borgnjor's Vile Clutch   Necr/Erth      0%         N/A       100%        5
 Lee's Rapid Deconstruct  Erth           0%         3d4*      100%        5
 Lightning Bolt           Conj/Air       0%         1d11      100%        5
 Silence                  Hex/Air        0%         N/A       100%        5
 Eringya's Noxious Bog    Tmut/Pois      0%         N/A       100%        6
 Starburst                Conj/Fire      0%         6d3       100%        6
 Statue Form              Tmut/Erth      0%         N/A       100%        6
 Enfeeble                 Hex            0%         N/A       100%        7
 Summon Hydra             Summ           0%         N/A       100%        7
 Discord                  Hex            0%         N/A       100%        8
 Lehudib's Crystal Spear  Conj/Erth      0%         10d2      100%        8


Dungeon Overview and Level Annotations

Branches:
Dungeon (15/15)            Temple (1/1) D:4            Lair (5/5) D:8
  Swamp (0/4) Lair:2       Spider (0/4) Lair:2        Slime (0/5) Lair:4
    Orc (2/2) D:9             Elf (0/3) Orc:2        Vaults (0/5) D:14
 Depths (0/4) D:15        Ossuary (visited)

Altars:
Ashenzari
Cheibriados
Dithmenos
Elyvilon
Fedhas
Gozag
Hepliaklqana
Kikubaaqudgha
Nemelex Xobeh
Qazlal
Uskayaw
Wu Jian
Zin
The Shining One
Jiyva

Shops:
D:5 [   D:7 [   Orc:2 !(**

Annotations:
D:6 2 transporters
Lair:4 1 runed translucent door


Innate Abilities, Weirdness & Mutations

You are completely covered in rugged brown scales. (AC +3, +7% HP)
Armour fits poorly on your strangely shaped body.
You have a long armoured tail.
You roll when moving toward enemies. (Rampage)
Your long tongue fully drains potion bottles. (2x potion effects)
Your tongue gives you trouble enunciating. (1.5x scroll delay)


Message History

You closely miss the deep elf zephyrmancer.
You tail-slap the deep elf zephyrmancer.
The deep elf zephyrmancer is moderately wounded.
You slash the deep elf zephyrmancer!
The deep elf zephyrmancer looks as sick as possible!
You barely miss the orc warrior.
The deep elf zephyrmancer casts a spell.
The deep elf zephyrmancer blinks!
You block the orc warrior's attack.
The deep elf zephyrmancer hits you but does no damage.
You block the deep elf zephyrmancer's attack.
Blink to where?
Press: ? - help, Dir - move target As you slowly read the scroll of blinking, it crumbles to dust.
The deep elf zephyrmancer gestures at you while chanting.
The bolt of lightning hits you.
The deep elf zephyrmancer casts a spell at you.
The bolt of lightning hits you!
* * * LOW HITPOINT WARNING * * *
The deep elf zephyrmancer gestures wildly while chanting.
The deep elf zephyrmancer blinks!
The deep elf zephyrmancer mumbles some strange words.
The deep elf zephyrmancer blinks!
You hear a shout! x3
As you slowly read the scroll of teleportation, it crumbles to dust.
You feel strangely unstable. The fire elemental hits you.
The fire elemental burns you!
* * * LOW HITPOINT WARNING * * *
The deep elf pyromancer pulls the alarm!
The alarm trap emits a blaring wail!
A sentinel's mark forms upon you.
The deep elf zephyrmancer gestures at you while chanting.
The bolt of lightning hits the fire elemental.
The fire elemental resists.
The bolt of lightning hits you!
* * * LOW HITPOINT WARNING * * *
The deep elf zephyrmancer gestures at you while chanting.
The bolt of lightning hits you!
* * * LOW HITPOINT WARNING * * *
The deep elf pyromancer gestures at you while chanting.
The bolt of fire hits you!
You die...

......##☼##......
........§.....#..##
........Ee.e......#
..#......o.e......##
#######e○..e.....#
#.e°○......# ##..°.○.#..#
#...°..E...##
##.....@....##
...##.........#.###
...................###
..#...................
.......e...............
...........##..##..##...#
..........##..........≈≈#
.......<..#..........≈≈≈#
##
.....#.......).....≈≈≈≈####


You could see 2 deep elf pyromancers, 5 deep elf zephyrmancers, 2 fire
elementals and an orc warrior.

Vanquished Creatures
  Kirke (Lair:2)
  Roxanne (D:14)
  A frost giant (D:15)
  2 minotaurs (D:12)
  Snorg (Lair:3)
  A fire dragon (Lair:5)
  Erolcha (D:13)
  Harold (D:10)
  4 vault guards (D:14)
  4 hydras
  2 catoblepae
  An ogre mage (D:15)
  A death knight (D:14)
  6 boulder beetles
  Erica (D:10)
  7 two-headed ogres
  7 centaur warriors
  4 death yaks (D:12)
  10 tengu warriors
  2 skysharks (Lair:3)
  Amaemon (Lair:3)
  Sonja (Lair:3)
  5 skeletal warriors (D:14)
  A swamp dragon (Lair:5)
  A lindwurm (Lair:4)
  A wizard (D:15)
  4 harpies (D:13)
  2 deep elf pyromancers
  A deep elf zephyrmancer (Orc:2)
  2 orc sorcerers
  12 ugly things
  6 orc knights
  7 cyclopes
  A moth of wrath (shapeshifter) (D:15)
  Maurice (D:9)
  10 elephants
  A guardian serpent (D:11)
  2 black mambas (Lair:1)
  An orange demon (Lair:3)
  6 cane toads
  3 rime drakes
  Psyche (D:9)
  2 freezing wraiths
  A kobold demonologist (D:12)
  3 komodo dragons
  9 yaktaurs (D:12)
  A tengu conjurer (D:14)
  A polar bear (Lair:2)
  8 trolls
  2 hornets
  4 blink frogs (Lair:4)
  13 slime creatures
  Sigmund (D:3)
  2 shadows (D:10)
  6 wyverns
  35 yaks
  A yak (shapeshifter) (D:14)
  A vampire (D:14)
  5 hogs
  6 basilisks
  2 wraiths
  A redback (shapeshifter) (D:15)
  10 vampire mosquitoes
  5 steam dragons
  4 acid dragons
  13 water moccasins
  20 orc warriors
  3 swamp drakes
  An ice beast (D:7)
  A sky beast (D:6)
  4 black bears
  5 ogres
  A centaur (shapeshifter) (D:14)
  16 centaurs
  A wolf (Lair:3)
  2 phantoms
  6 kobold brigands
  A gnoll sergeant (D:10)
  14 bullfrogs
  A scorpion (Lair:2)
  A wight (D:9)
  11 killer bees
  7 howler monkeys
  4 electric eels
  A crimson imp (D:6)
  3 hounds
  6 jellies
  Crazy Yiuf (D:3)
  11 orc priests
  A gnoll bouda (D:9)
  3 sleepcaps
  7 iguanas
  27 orc wizards
  8 mummies (Ossuary)
  19 gnolls
  6 adders
  A white imp (D:6)
  2 ufetubi
  4 worms
  4 dart slugs
  34 orcs
  9 bats
  13 endoplasms
  7 giant cockroaches
  A gnoll zombie (Ossuary)
  12 goblins
  10 hobgoblins
  9 jackals
  23 kobolds
  2 quokkas
  10 ball pythons
  6 frilled lizards
  2 hobgoblin zombies (Ossuary)
  2 kobold zombies (Ossuary)
  3 orc zombies (Ossuary)
  6 rats
616 creatures vanquished.

Vanquished Creatures (collateral kills)
  A cyclops (D:9)
1 creature vanquished.

Vanquished Creatures (others)
  An unseen horror (D:12)
  12 fungi
  36 plants
49 creatures vanquished.

Grand Total: 666 creatures vanquished

Notes
Turn   | Place    | Note
-------+----------+-------------------------------------------
     0 | D:1      | BigDaddyOpFi the Armataur Fighter began the quest for the
                  | Orb.
     0 | D:1      | Reached XP level 1. HP: 19/19 MP: 1/1
   157 | D:1      | Reached XP level 2. HP: 26/26 MP: 2/2
   335 | D:1      | Reached skill level 4 in Armour
   422 | D:1      | Reached XP level 3. HP: 33/33 MP: 3/3
  1286 | D:2      | Reached XP level 4. HP: 38/40 MP: 4/4
  1573 | D:3      | Noticed Sigmund
  1587 | D:3      | Killed Sigmund
  1588 | D:3      | Reached skill level 1 in Ranged Weapons
  1588 | D:3      | Reached XP level 5. HP: 24/48 MP: 2/5
  1683 | D:3      | Found a runed translucent door.
  1684 | D:3      | Noticed Crazy Yiuf
  1835 | D:3      | Reached skill level 5 in Armour
  2115 | D:3      | Killed Crazy Yiuf
  2116 | D:3      | Reached XP level 6. HP: 17/55 MP: 1/6
  2491 | D:4      | Noticed a yak
  2508 | D:4      | Killed a yak
  2520 | D:4      | Reached skill level 5 in Shields
  2866 | D:4      | Reached XP level 7. HP: 63/63 MP: 7/7
  3054 | D:4      | Found an ancient bone altar of Kikubaaqudgha.
  3107 | D:4      | Found a staircase to the Ecumenical Temple.
  3118 | Temple   | Entered the Ecumenical Temple
  3131 | Temple   | Became a worshipper of the Wu Jian Council
  3787 | D:5      | Entered Level 5 of the Dungeon
  3869 | D:5      | Reached skill level 6 in Armour
  4462 | D:5      | Found Gigabu's Antique Armour Boutique.
  4483 | D:5      | Bought a glowing chain mail for 157 gold pieces
  4588 | D:6      | Reached XP level 8. HP: 67/71 MP: 6/8
  4773 | D:6      | Found a transporter.
  4793 | D:6      | Found a transporter.
  4869 | D:6      | Noticed a deep elf knight
  4869 | D:6      | Noticed a kobold demonologist
  4955 | D:6      | Reached skill level 5 in Fighting
  5399 | D:7      | Identified a scroll of acquirement
  5400 | D:7      | Acquired the +4 barding "Hateik" {rElec rN++ Will-}
  5656 | D:7      | Reached skill level 7 in Armour
  5663 | D:7      | Reached * piety under Wu Jian
  5750 | D:7      | Found Loupaharr's Armour Shoppe.
  5785 | D:7      | Found a sparkling altar of Nemelex Xobeh.
  5936 | D:7      | Found a sand-covered staircase.
  5944 | Ossuary  | Entered an ossuary
  6236 | D:7      | Identified the +1 robe "Niusun" {Will++}
  6329 | D:7      | Reached XP level 9. HP: 31/79 MP: 7/9
  6622 | D:7      | Found a white marble altar of Elyvilon.
  6852 | D:7      | Found a shadowy altar of Dithmenos.
  6885 | D:7      | Found an opulent altar of Gozag.
  6985 | D:8      | Found a staircase to the Lair.
  6985 | D:8      | Noticed an elephant
  7008 | D:7      | Killed an elephant
  7121 | D:7      | Reached skill level 5 in Axes
  7303 | D:8      | Identified the +2 quarterstaff of Watchfulness {freeze,
                  | rElec rPois Will+}
  7453 | D:8      | Reached skill level 8 in Armour
  7453 | D:8      | Noticed a troll
  7463 | D:8      | Killed a troll
  7734 | D:8      | Reached ** piety under Wu Jian
  8244 | D:9      | Reached XP level 10. HP: 30/89 MP: 5/10
  8526 | D:8      | Reached skill level 9 in Armour
  8965 | D:9      | Found a staircase to the Orcish Mines.
  9014 | D:9      | Noticed a deep elf pyromancer
  9019 | D:9      | Killed a deep elf pyromancer
  9568 | D:9      | Noticed Maurice
  9583 | D:9      | Killed Maurice
  9688 | D:9      | Noticed Psyche
  9703 | D:9      | Killed Psyche
  9854 | D:9      | Reached *** piety under Wu Jian
  9883 | D:9      | Reached skill level 10 in Armour
 10046 | D:9      | Noticed a two-headed ogre
 10054 | D:9      | Killed a two-headed ogre
 10277 | D:9      | Noticed a cyclops
 10278 | D:9      | Noticed a five-headed hydra
 10289 | D:9      | Killed a cyclops
 10290 | D:9      | Reached XP level 11. HP: 100/100 MP: 11/11
 10304 | D:9      | Killed a five-headed hydra
 10578 | Lair:1   | Entered Level 1 of the Lair of Beasts
 11263 | Lair:1   | Reached skill level 10 in Shields
 11463 | Lair:1   | Reached skill level 11 in Armour
 11916 | Lair:2   | Noticed a catoblepas
 11934 | Lair:2   | Killed a catoblepas
 12077 | Lair:2   | Noticed a boulder beetle
 12088 | Lair:2   | Killed a boulder beetle
 12592 | Lair:2   | Identified the +1 chain mail "Okitt" {rElec rF++ Regen+
                  | Str-5}
 12640 | Lair:2   | Found a staircase to the Swamp.
 12754 | Lair:2   | Reached XP level 12. HP: 92/111 MP: 9/12
 12758 | Lair:2   | Reached **** piety under Wu Jian
 13017 | Lair:2   | Reached skill level 12 in Armour
 13254 | Lair:2   | Found a hole to the Spider Nest.
 13662 | Lair:3   | Noticed Sonja
 13674 | Lair:3   | Killed Sonja
 14060 | Lair:3   | Noticed Amaemon
 14085 | Lair:3   | Killed Amaemon
 14214 | Lair:3   | Noticed Kirke
 15492 | Lair:3   | You fall into a shaft and drop 2 floors!
 15492 | Lair:5   | Entered Level 5 of the Lair of Beasts
 15559 | Lair:4   | Reached skill level 10 in Fighting
 15697 | Lair:3   | Noticed Snorg
 15715 | Lair:3   | Killed Snorg
 15716 | Lair:3   | Reached skill level 13 in Armour
 16613 | Lair:4   | Found a runed translucent door.
 16615 | Lair:4   | Found a viscous altar of Jiyva.
 16839 | Lair:4   | Noticed a six-headed hydra
 16853 | Lair:4   | Killed a six-headed hydra
 17055 | Lair:4   | Noticed an azure jelly
 17057 | Lair:4   | Found a staircase to the Slime Pits.
 17057 | Lair:4   | Noticed an azure jelly
 17247 | Lair:5   | Identified the +5 trident of Gakhlinito {flame, Str-4
                  | Int+5}
 17348 | Lair:5   | Reached XP level 13. HP: 114/121 MP: 13/13
 18195 | Lair:5   | Noticed a fire dragon
 18651 | Lair:5   | Killed a fire dragon
 19307 | D:10     | Entered Level 10 of the Dungeon
 19307 | D:10     | Noticed Harold
 19315 | D:10     | Killed Harold
 19549 | D:10     | Found a viscous altar of Jiyva.
 19663 | D:10     | Found a stormy altar of Qazlal.
 19790 | D:10     | Found a blossoming altar of Fedhas.
 19909 | D:10     | Noticed Erica
 19918 | D:10     | Killed Erica
 19919 | D:10     | Reached skill level 14 in Armour
 20725 | D:11     | Reached skill level 10 in Axes
 20972 | D:11     | Reached ***** piety under Wu Jian
 21354 | D:11     | Identified the +8 sling of Subterfuge {antimagic, +Blink
                  | Stlth+}
 21654 | D:13     | Found the +10 Black Knight's barding {ponderous, rPois rN+}
 23873 | D:12     | Paralysed by a yaktaur for 5 turns
 24038 | D:12     | Paralysed by a yaktaur for 4 turns
 24047 | D:12     | Noticed a minotaur
 24053 | D:12     | Noticed a minotaur
 24588 | D:12     | Killed a minotaur
 24934 | D:12     | Killed a minotaur
 24935 | D:12     | Reached XP level 14. HP: 132/132 MP: 14/14
 24961 | D:12     | Identified the +2 falchion of Atsoff {vamp, Str+6 Int+3
                  | Dex-3}
 26169 | D:13     | Noticed Erolcha
 26175 | D:13     | Killed Erolcha
 26176 | D:13     | Reached skill level 15 in Armour
 26833 | D:13     | Acquired 953 gold pieces
 27295 | D:14     | Identified Roxanne's Folio of the Caves
 27295 | D:14     | Noticed Roxanne
 27314 | D:14     | Killed Roxanne
 27559 | D:14     | Found a blossoming altar of Fedhas.
 29293 | D:14     | Found a gate to the Vaults.
 29432 | D:14     | Reached skill level 16 in Armour
 29482 | D:14     | Reached XP level 15. HP: 43/143 MP: 6/15
 30100 | D:14     | Reached skill level 15 in Shields
 30478 | D:15     | Entered Level 15 of the Dungeon
 31074 | D:15     | Found a staircase to the Depths.
 31074 | D:15     | Noticed a frost giant
 31084 | D:15     | Killed a frost giant
 32216 | Lair:2   | Killed Kirke
 32386 | Orc:1    | Entered Level 1 of the Orcish Mines
 33094 | Orc:2    | Entered Level 2 of the Orcish Mines
 33133 | Orc:2    | Found a staircase to the Elven Halls.
 33552 | Orc:2    | Found Cidgh's Weapon Emporium.
 33552 | Orc:2    | Found Iriatohong's Assorted Antiques.
 33554 | Orc:2    | Found Lenynoel's Distillery.
 33556 | Orc:2    | Found Tafefez's Assorted Antiques.
 33648 | Orc:2    | HP: 7/145 [deep elf zephyrmancer/bolt of lightning (14)]
 33648 | Orc:2    | Killed from afar by a deep elf pyromancer

Illustrated notes

Levels and vault maps discovered:
D:1:      mrwooster_arrival_statue_3, layout_loops_ring, kennysheep_flooded_box,
          serial_bayou_pond_d, minmay_pentomino_w4
D:2:      layout_loops_ring, kennysheep_generic_room_5
D:3:      kennysheep_the_goblin_king, layout_rooms, uniq_sigmund,
          uniq_crazy_yiuf_cottage
D:4:      layout_loops_corners, mainiacjoe_overflow_paths,
          minmay_temple_entry_grid, minmay_manual_moon
D:5:      layout_basic, serial_shops, shop
D:6:      gammafunk_wand_slinger, layout_gridville,
          corexii_item_surrounded_by_moat, minmay_fire_ice_demons
D:7:      layout_loops_corners, mainiacjoe_overflow_24_doors,
          mainiacjoe_overflow_two_lobes, mainiacjoe_overflow_six_doors_small,
          nicolae_ossuary_entry_ruins, serial_shops, nicolae_take_the_stairs,
          nicolae_zen_rock_garden, hellmonk_bongcloud_opening,
          minmay_misc_feat_more_columns, st_stairs_5
D:8:      layout_cave_pools, david_lair_generic, serial_co_window_serial,
          co_window_paths_a, co_window_paths_a, co_window_paths_b,
          co_window_of_opportunity_a, co_window_paths_a, co_window_broadway_b,
          co_window_cross_2, co_window_broadway_b, co_window_broadway_c,
          co_window_4corner_a, glass_columns_c, glass_columns_a,
          glass_columns_b, glass_columns_c
D:9:      nzn_winding_woodlands_cross
          [nzn_winding_woodlands_5x15_pathside_ponds,
          nzn_winding_woodlands_5x15_eye, nzn_winding_woodlands_5x15_pockets,
          nzn_winding_woodlands_5x15_jagged,
          nzn_winding_woodlands_15x15_boxy_spiral], layout_basic, uniq_psyche,
          uniq_maurice
D:10:     minmay_flawed_box, layout_irregular_city,
          nicolae_qazlal_style_of_elements, mainiacjoe_overflow_cross_hatched,
          serial_bayou, serial_bayou_ford_a, serial_bayou_crossing,
          serial_bayou_lagoon_a, jiyva_altar_1, uniq_erica, uniq_harold
D:11:     layout_stronghold, nrook_guardian_serpent_double
D:12:     fort_yaktaur, layout_loops_ring
D:13:     layout_roguey, hangedman_aviary, uniq_erolcha
D:14:     layout_roguey, lightli_vaults_fourway_checkpoint, fedhas_altar_2,
          amcnicky_mini_corridor_feature, uniq_roxanne
D:15:     grunt_enter_depths_snipers, layout_loops_ring, nrook_mini_vaults
Temple:   hellmonk_temple_of_storms
Lair:1:   layout_cellular_growth
Lair:2:   layout_cave_pods, swamp_mist, nicolae_spider_entry_non_spiders, pond,
          lemuel_fruit_tree
Lair:3:   layout_hall_layers, minivault_19, st_stairs_11, grunt_megastairs_3,
          uniq_amaemon, uniq_kirke, uniq_sonja, uniq_snorg
Lair:4:   layout_misc_corridors, slime_entry_2, serial_bayou_shore_a
Lair:5:   guppyfry_lair_end_dragon, layout_small_grid
Orc:1:    layout_caves
Orc:2:    st_orc_rangers, layout_caves, elves_outpost_lemuel

Skill      XL: |  1  2  3  4  5  6  7  8  9 10 11 12 13 14 15 |
---------------+----------------------------------------------+-----
Armour         | 4 5 6 7 8 10 11 13 14 16 | 16.9
Fighting       | 3 4 5 6 7 9 10 11 12 13 | 13.2
Axes           | 2 3 4 5 7 8 9 10 11 12 | 12.0
Shields        | 4 5 6 8 9 10 12 13 14 15 | 15.6
Ranged Weapons | 1 2 3 4 |  4.0

Action                     |  1- 3 |  4- 6 |  7- 9 | 10-12 | 13-15 || total
---------------------------+-------+-------+-------+-------+-------++-------
  Melee: War axe           |   111 |   128 |   367 |   545 |  1198 ||  2349
         Tailslap          |    12 |     9 |    43 |    99 |   259 ||   422
         Unarmed           |       |       |       |     7 |       ||     7
         Broad axe         |       |       |       |       |     8 ||     8
 Invoke: Serpent's Lash    |       |       |       |       |     1 ||     1
         Heavenly Storm    |       |       |       |       |     1 ||     1
Ability: Whirlwind         |       |       |     7 |    30 |    66 ||   103
         Lunge             |       |       |       |       |     1 ||     1
         Wall Jump         |       |       |       |       |     1 ||     1
  Evoke: Wand              |       |       |       |    30 |     1 ||    31
    Use: Potion            |       |     3 |     3 |     8 |     8 ||    22
         Scroll            |       |       |    22 |    10 |    10 ||    42
   Stab: Distracted        |       |     1 |       |       |     1 ||     2
         Confused          |       |       |       |       |     1 ||     1
         Petrified         |       |       |       |       |     8 ||     8
         Petrifying        |       |       |       |       |     1 ||     1
 Armour: Scale mail        |    56 |    52 |    45 |       |       ||   153
         Skin              |       |    25 |       |       |    86 ||   111
         Chain mail        |       |       |   274 |   685 |  1366 ||  2325
  Dodge: Dodged            |    52 |    37 |    94 |   152 |   297 ||   632
  Block: Buckler           |    28 |    27 |    96 |   198 |   544 ||   893

Table legend: (Time is in decaauts)
 A = Elapsed time spent in this place.
 B = Non-inter-level travel time spent in this place.
 C = Inter-level travel time spent in this place.
 D = Time resting spent in this place.
 E = Time spent auto-exploring this place.
 F = Levels seen in this place.
 G = Mean time per level.
                   A        B        C        D        E       F      G
               +--------+--------+--------+--------+--------+-----+--------+
         Total |  34380 |  32825 |   1555 |  10613 |  16185 |  24 | 1432.5 |
       Dungeon |  23817 |  22930 |    887 |   7651 |  11156 |  15 | 1587.8 |
        Temple |     22 |     13 |      9 |      0 |      7 |   1 |   22.0 |
          Lair |   9122 |   8479 |    643 |   2582 |   4516 |   5 | 1824.4 |
  Orcish Mines |   1206 |   1191 |     15 |    379 |    375 |   2 |  603.0 |
       Ossuary |    212 |    212 |      0 |      0 |    131 |   1 |  212.0 |
               +--------+--------+--------+--------+--------+-----+--------+

Top non-repeatable levels by time:
    D:12: 3631 daAuts
    D:14: 3352 daAuts
  Lair:2: 2523 daAuts
    D:13: 2244 daAuts
  Lair:3: 2151 daAuts
     D:9: 2148 daAuts
     D:7: 1691 daAuts
  Lair:5: 1640 daAuts
     D:4: 1519 daAuts
     D:8: 1478 daAuts
  Lair:1: 1468 daAuts
    D:15: 1384 daAuts
    D:11: 1366 daAuts
  Lair:4: 1338 daAuts
    D:10: 1003 daAuts
